Construct Section Command Post
Selects Air and Sea Battlegroup
Construct Platoon Command Post
6-pounder Anti-tank Gun Team
Unlock M3 Stuart Light Tanks
Selects Commando Section Paradrop
Selects M1 Pack Howitzer Paradrop
M1 Pack Howitzer Paradrop
6-pounder Anti-tank Gun Team
Construct Company Command Post
Selects Incendiary Bombing Run
Selects Centaur Medium Tank
Selects Naval Bombardment
Commando Section Paradrop
M1 Pack Howitzer Paradrop
Unlock Towed 17-pounder Anti-tank Guns
17-pounder Anti-tank Gun Team
Commando Section Paradrop